Map: Dusk Towers

Players

Miszu

  • Race: Terran Terran
  • League: Grandmaster

DarkHydra - Winner!

  • Race: Terran Terran
  • League: Grandmaster

VOD

Have the link to the VOD?

Description

Time

  • Played on: Feb. 19, 2016, 11:52 a.m.
  • Length: 12:50
Show
View Real Time Build Order
Export as new Build Order

Miszu Terran 

Build Orders: Bio Tank 

Get SALT Encoding   

  12  0:01  SCV  
  13  0:13  SCV  
  14  0:17  Supply Depot  
  14  0:25  SCV  
  15  0:39  SCV  
  15  0:40  Barracks  
  16  0:49  Refinery  
  16  0:51  SCV  
  17  1:03  SCV  
  18  1:15  SCV  
  19  1:28  Orbital Command  
  19  1:32  Barracks Reactor  
  19  1:43  Command Center  
  19  1:52  Supply Depot  
  19  1:54  SCV  
  20  2:06  SCV  
  20  2:08  Marine x2  
  21  2:14  Factory  
  23  2:18  SCV  
  24  2:24  Refinery  
  24  2:27  Marine  
  25  2:30  SCV  
  26  2:42  SCV  
  27  2:44  Marine  
  27  2:45  Marine  
  29  2:54  SCV  
  29  2:56  Orbital Command  
  30  2:59  Starport  
  30  3:02  Marine x2  
  32  3:06  SCV  
  32  3:10  Factory Tech Lab  
  33  3:18  SCV  
  34  3:20  Marine  
  34  3:21  Marine  
  34  3:25  SCV  
  37  3:28  Supply Depot  
  37  3:30  Widow Mine, SCV  
  40  3:37  Medivac  
  40  3:38  Marine, SCV  
  44  3:42  SCV  
  44  3:44  Supply Depot  
  44  3:46  Marine  
  46  3:50  SCV  
  46  3:51  Supply Depot  
  46  3:55  SCV  
  48  4:02  SCV  
  49  4:06  Siege Tank  
  49  4:07  SCV  
  53  4:15  Marine x2  
  55  4:17  SCV  
  55  4:19  SCV  
  55  4:23  Command Center  
  57  4:24  Starport Reactor  
  57  4:29  SCV  
  57  4:31  SCV  
  59  4:40  Barracks x2  
  59  4:42  SCV  
  59  4:43  SCV  
  61  4:46  Supply Depot  
  61  4:54  SCV  
  61  4:55  Siege Tank, SCV  
  66  5:00  Refinery  
  66  5:02  Marine  
  66  5:03  Marine  
  66  5:06  SCV  
  69  5:07  SCV  
  70  5:18  SCV  
  70  5:20  Marine x2  
  70  5:21  SCV  
  74  5:23  Refinery  
  74  5:24  Supply Depot  
  72  5:28  Barracks Tech Lab x2  
  72  5:30  Medivac x2, SCV  
  72  5:33  SCV  
  72  5:35  Supply Depot, Siege Tank  
  81  5:39  Orbital Command  
  81  5:49  Marine x3, Combat Shields  
  84  5:50  Stimpack  
  84  5:52  Marine  
  84  6:06  Marine, Medivac  
  84  6:07  Marine x2, Siege Tank  
  84  6:09  Marine  
  87  6:24  Marine  
  79  6:27  Marine  
  79  6:28  Marine x2  
  74  6:42  Marine  
  74  6:45  Marine x2  
  75  6:48  Marine  
  75  6:57  SCV  
  75  6:59  Medivac x2, Siege Tank, SCV  
  75  7:00  Marine  
  75  7:01  SCV  
  85  7:02  Marine, Barracks  
  85  7:03  Marine  
  85  7:04  Barracks  
  87  7:09  SCV  
  87  7:11  SCV  
  87  7:12  Marine  
  87  7:13  SCV  
  89  7:18  Marine  
  89  7:20  Marine  
  89  7:21  Marine, SCV  
  93  7:24  SCV  
  93  7:25  SCV  
  93  7:29  Medivac  
  97  7:33  Engineering Bay x2, SCV  
  97  7:36  SCV  
  99  7:45  SCV  
  99  7:46  Orbital Command  
  99  7:47  Marine  
  99  7:48  Marine, SCV  
  99  7:49  Siege Tank  
  106  7:51  Barracks Reactor x2  
  106  7:57  Marine, SCV  
  108  8:01  Marine  
  109  8:07  Supply Depot  
  109  8:08  Supply Depot  
  109  8:12  SCV  
  109  8:19  Medivac x2, SCV  
  109  8:21  Siege Tank  
  100  8:29  Marine  
  100  8:30  Marine, Reaper  
  100  8:32  Marine x2  
  100  8:33  Marine x3  
  108  8:35  SCV x3  
  108  8:37  Terran Infantry Weapons Level 1, Terran Infantry Armor Level 1  
  111  8:46  Supply Depot  
  111  8:47  Supply Depot, Marine x2, SCV x3  
  116  8:50  Supply Depot, Marine x3, Armory  
  116  8:51  Supply Depot, Marine x2  
  120  8:59  SCV  
  120  9:02  Marine, Siege Tank  
  125  9:07  Marine x2, Medivac x2  
  125  9:08  Marine x2, SCV  
  125  9:09  SCV  
  135  9:10  Factory  
  124  9:32  Marine x6  
  124  9:33  Marine x2  
  116  9:50  Marine x8  
  107  10:07  Marine  
  107  10:08  Marine x7  
  115  10:15  Siege Tank  
  115  10:16  Medivac x2  
  122  10:25  Marine  
  122  10:26  Marine x7  
  116  10:30  SCV x2  
  116  10:31  SCV  
  116  10:34  Factory Tech Lab  
  116  10:35  Refinery x2  
  114  10:42  SCV x2, Terran Vehicle Weapons Level 1  
  116  10:43  Marine, SCV  
  116  10:44  Marine x7  
  116  10:48  Siege Tank  
  130  10:54  SCV x2  
  130  10:55  Siege Tank, SCV  
  136  11:01  Marine x2  
  136  11:02  Marine x6, Sensor Tower  
  142  11:05  Sensor Tower  
  142  11:06  SCV  
  142  11:09  Medivac  
  145  11:18  Supply Depot  
  145  11:19  Supply Depot, Marine x4  
  145  11:20  Supply Depot, Siege Tank  
  151  11:37  Siege Tank  
  154  11:41  Marine  
  154  11:43  Marine  
  154  11:44  Medivac x2  
  154  11:45  Marine  
  161  11:52  Siege Tank  
  164  12:00  Marine  
  144  12:15  Marine  
  111  12:16  Marine x6  
  111  12:18  Marine  
Show
View Real Time Build Order
Export as new Build Order

DarkHydra Terran - Winner!

Build Orders: Reaper Expand, Bio Tank 

Get SALT Encoding   

  12  0:00  SCV  
  13  0:12  SCV  
  14  0:18  Supply Depot  
  14  0:25  SCV  
  15  0:40  SCV  
  15  0:42  Barracks  
  16  0:45  Refinery  
  16  0:52  SCV  
  17  1:04  SCV  
  18  1:16  SCV  
  19  1:28  Orbital Command  
  19  1:30  Reaper  
  20  1:43  Command Center  
  21  1:54  Supply Depot, SCV  
  21  2:02  Reaper  
  21  2:06  SCV  
  23  2:14  Refinery  
  23  2:18  SCV  
  24  2:30  SCV  
  24  2:34  Factory  
  25  2:41  Barracks Reactor  
  25  2:42  SCV  
  26  2:54  SCV, Orbital Command  
  27  3:06  SCV  
  27  3:09  Barracks  
  27  3:11  Barracks  
  28  3:18  SCV  
  28  3:19  Marine x2  
  31  3:22  Starport, Factory Tech Lab  
  31  3:25  SCV  
  32  3:31  Refinery, SCV  
  33  3:36  Marine  
  33  3:37  Marine, SCV  
  36  3:42  Siege Tank  
  36  3:43  SCV  
  36  3:46  Supply Depot  
  40  3:49  SCV  
  41  3:57  Barracks Tech Lab x2  
  41  3:58  Starport Reactor  
  41  4:00  Marine x2  
  41  4:02  SCV  
  44  4:03  SCV  
  44  4:09  Supply Depot  
  45  4:17  SCV x2  
  45  4:18  Siege Tank  
  45  4:21  Marine x3  
  45  4:23  Marine  
  54  4:30  SCV  
  54  4:31  SCV  
  56  4:34  Medivac  
  56  4:35  Medivac  
  56  4:37  Supply Depot  
  60  4:43  SCV  
  60  4:45  Stimpack  
  61  4:47  SCV  
  62  4:56  Combat Shields  
  62  4:59  Marine x4, SCV  
  67  5:00  SCV  
  67  5:11  SCV  
  66  5:19  Marine x4  
  69  5:37  Marine x3, Medivac  
  69  5:38  Siege Tank  
  77  5:43  Supply Depot, SCV  
  77  5:44  Supply Depot  
  78  5:59  Barracks, SCV  
  78  6:00  Barracks  
  78  6:02  SCV  
  77  6:08  Marine  
  77  6:09  Marine  
  78  6:11  SCV  
  78  6:14  SCV  
  80  6:23  SCV  
  76  6:26  SCV  
  74  6:36  SCV  
  74  6:38  SCV  
  74  6:39  Marine x4  
  80  6:41  Siege Tank  
  82  6:48  SCV  
  82  6:50  SCV  
  82  6:56  Marine  
  82  6:57  Marine x3  
  82  6:58  Barracks Reactor x2  
  82  7:00  SCV  
  87  7:02  SCV  
  88  7:12  Command Center, SCV  
  88  7:14  SCV  
  90  7:16  Marine x3  
  90  7:17  Marine  
  94  7:25  Engineering Bay  
  94  7:26  SCV x2  
  94  7:27  Supply Depot x2, Siege Tank  
  99  7:32  Refinery  
  99  7:33  Medivac  
  99  7:34  Marine  
  102  7:46  Supply Depot  
  102  7:47  Supply Depot  
  102  7:48  Marine x5, SCV  
  102  7:50  SCV  
  109  7:51  Terran Infantry Weapons Level 1  
  109  7:55  Engineering Bay  
  109  8:00  SCV  
  109  8:02  SCV  
  111  8:13  SCV  
  111  8:14  Marine  
  111  8:15  Marine x7  
  93  8:29  Medivac  
  93  8:30  Medivac  
  93  8:31  Orbital Command  
  93  8:32  Marine  
  93  8:33  Marine x4  
  94  8:35  Siege Tank  
  94  8:36  Marine  
  94  8:37  Terran Infantry Armor Level 1  
  94  8:38  SCV  
  94  8:40  Armory  
  99  8:43  Marine x2  
  101  8:50  Marine x2  
  101  8:51  Marine  
  103  8:57  Marine x3  
  103  9:00  Medivac  
  103  9:01  Marine x2, Medivac  
  112  9:06  Refinery, SCV x3  
  112  9:07  Refinery  
  112  9:08  Marine x3  
  118  9:10  Siege Tank  
  118  9:14  Marine  
  118  9:15  Marine  
  123  9:18  SCV  
  123  9:23  Marine  
  123  9:24  Marine x2  
  116  9:26  Marine x2  
  115  9:33  Marine x2  
  115  9:34  Marine  
  96  9:41  Marine x3  
  96  9:43  Marine  
  96  9:44  Marine  
  96  9:45  Siege Tank  
  101  9:51  Marine x2  
  101  9:52  Marine  
  101  9:59  Marine x3  
  95  10:01  Marine  
  95  10:02  Marine  
  93  10:09  Marine x2, SCV x3  
  93  10:10  Marine, Medivac x2  
  103  10:16  Marine  
  103  10:17  Marine x2, Siege Tank  
  103  10:19  Marine  
  103  10:20  Marine  
  111  10:21  SCV x2  
  111  10:23  Terran Infantry Weapons Level 2  
  111  10:27  Marine x3  
  115  10:34  Marine  
  115  10:35  Marine x2  
  117  10:37  Marine x2  
  119  10:44  Medivac x2  
  119  10:45  Marine x3  
  119  10:48  Factory  
  126  10:52  Marine  
  126  10:53  Marine x2  
  126  10:55  Marine x2  
  126  10:56  Siege Tank  
  134  11:02  Marine  
  134  11:03  Marine x2  
  137  11:06  Command Center  
  137  11:10  Marine x3  
  140  11:12  Supply Depot  
  140  11:13  Supply Depot x2, Marine x2  
  140  11:14  Medivac x2  
  140  11:17  Sensor Tower  
  146  11:20  Marine, Sensor Tower  
  146  11:29  Marine  
  146  11:30  Marine x2  
  149  11:34  Marine x4  
  149  11:38  Marine  
  154  11:42  Supply Depot, Siege Tank, Factory Tech Lab  
  154  11:44  Medivac  
  159  11:47  Marine  
  159  11:48  Marine x2  
  159  11:50  Supply Depot  
  159  11:52  Marine x4  
  166  11:56  Marine  
  158  12:05  Marine  
  158  12:06  Marine x2  
  156  12:09  Marine x4  
  156  12:14  Marine  
  155  12:23  Marine x3  
  155  12:27  Marine x4  
  161  12:31  Marine  
Tags
 
Add a new tag
Caveats
  • Supply blocks, unpowered buildings, or Contaminate may cause inaccurate times.
  • Supply counts are checked every 10 seconds.